 Dungeon Crawl Stone Soup version 0.30-a0-782-ge64f9170bb (webtiles) character file.

Game seed: 16637275866929977377

6197 kae the Destroyer (level 10, -1/50 HPs)
             Began as a Gargoyle Earth Elementalist on Feb 20, 2023.
             Killed by divine providence
             ... invoked by an orc priest
              (14 damage)
             ... on level 9 of the Dungeon on Feb 21, 2023.
             The game lasted 00:07:53 (9680 turns).

kae the Destroyer (Gargoyle Earth Elementalist)     Turns: 9680, Time: 00:07:53

Health: -1/50      AC: 22    Str: 13    XL:     10   Next: 91%
Magic:  0/21       EV: 11    Int: 19    God:
Gold:   516        SH:  0    Dex: 10    Spells: 14/24 levels left

rFire   . . .      SeeInvis .    w - +1 dagger (drain)
rCold   . . .      Faith    .    (no shield)
rNeg    + . .      Spirit   +    H - +0 acid dragon scales
rPois   ∞          Reflect  .    j - +1 helmet
rElec   +          Harm     .    q - +2 cloak
rCorr   +          Rampage  .    (no gloves)
Will    .....                    (no boots)
Stlth   +                        G - amulet of guardian spirit
HPRegen 0.28/turn                O - +4 ring of protection
MPRegen 0.17/turn                (no ring)

@: no status effects
A: sickness immunity, AC +7, negative energy resistance 1, electricity
resistance, torment resistance 1, petrification resistance
a: no special abilities


You were on level 9 of the Dungeon.
You visited 2 branches of the dungeon, and saw 10 of its levels.

You collected 516 gold pieces.


Innate Abilities, Weirdness & Mutations

You are immune to sickness and miasma.
Your stone body is resilient. (AC +7)
You are immune to poison.
You resist negative energy. (rN+)
You are resistant to electric shocks. (rElec)
You are resistant to unholy torment.
You are immune to petrification.


   Skills:
 - Level 1.5 Dodging
 - Level 2.1 Stealth
 + Level 7.9 Spellcasting
 * Level 12.0 Conjurations
 - Level 0.7 Transmutations
 + Level 10.6 Earth Magic


You had 14 spell levels left.
You knew the following spells:

 Your Spells              Type           Power      Damage    Failure   Level
a - Sandblast             Erth           94%        2d19      1%          1
b - Stone Arrow           Conj/Erth      100%       3d13      1%          3
c - Passwall              Tmut/Erth      24%        N/A       1%          2
d - Petrify               Tmut/Erth      29%        N/A       13%         4

Your spell library contained the following spells:

 Spells                   Type           Power      Damage    Failure   Level
 Lee's Rapid Deconstruct  Erth           23%        3d13*     4%          5
 Fulminant Prism          Conj/Hex       15%        3d11      12%         4
 Iskenderun's Mystic Bla  Conj/Tloc      30%        2d8       12%         4
 Irradiate                Conj/Tmut      15%        3d16      26%         5
 Kindle Blastsparks       Fire/Tloc/Air  14%        2d11      38%         3
 Blade Hands              Tmut           5%         N/A       95%         5
 Dragon Form              Tmut           5%         N/A       100%        7

Inventory:

Hand Weapons
 w - a +1 dagger of draining (weapon)
   (You found it on level 5 of the Dungeon)
Missiles
 c - 104 stones
 d - 8 boomerangs
 k - 15 poisoned darts
 n - 3 datura-tipped darts
 r - 2 throwing nets {=f!f}
 D - 3 atropa-tipped darts
Armour
 j - a +1 helmet (worn)
   (You found it on level 1 of the Dungeon)
 q - a +2 cloak (worn)
   (You found it on level 3 of the Dungeon)
 B - the +0 leather armour of Quantum Leap {rPois}
   (You found it on level 7 of the Dungeon)

   rPois:     It protects you from poison.
 H - +0 acid dragon scales (worn)
   (You found it on level 9 of the Dungeon)
Magical Staves
 g - a staff of air {!a}
   (You found it on level 1 of the Dungeon)
Jewellery
 A - an amulet of the acrobat
   (You found it on level 5 of the Dungeon)
 F - a ring of protection from fire
   (You found it on level 9 of the Dungeon)
 G - an amulet of guardian spirit (around neck)
   (You found it on level 4 of the Dungeon)
 O - a +4 ring of protection (left hand)
   (You found it on level 3 of the Dungeon)
Wands
 a - a wand of paralysis (3)
   (You found it on level 8 of the Dungeon)
 x - a wand of light (7)
   (You found it on level 7 of the Dungeon)
 z - a wand of roots (7)
   (You found it on level 9 of the Dungeon)
Scrolls
 i - 2 scrolls of noise {!r}
 l - a scroll of immolation {!r!r}
 m - 5 scrolls of teleportation {@r4}
 t - a scroll of enchant armour
 y - a scroll of vulnerability {!r!r}
Potions
 b - 2 potions of magic
 e - a potion of cancellation
 f - 2 potions of mutation {!q}
 h - 4 potions of degeneration {!q}
 o - a potion of curing {@q1}
 p - 2 potions of heal wounds {@q2}
 s - 2 potions of lignification {!q}
 u - 2 potions of brilliance
 v - a potion of haste {@q3}
 C - a potion of flight {unknown}
 E - a potion of might {unknown}

Dungeon Overview and Level Annotations

Branches:
Dungeon (9/15) Zot: 26129  Temple (1/1) D:5 Zot: 5883
   Lair: D:8-11         Orc: D:9-12

Altars:
Ashenzari
Cheibriados
Dithmenos
Fedhas
Gozag
Hepliaklqana
Makhleb
Nemelex Xobeh
Okawaru
Ru
Trog
Uskayaw
Wu Jian
Xom
Yredelemnul
Zin
The Shining One

Shops:
D:4 ( D:8

[ ..... ..... ... ~....
........# ~.... .... ....
~..##+#################...#
~..#..................#
~..'.......[..........#
~..#..##############..#
...#..# .......oo.#..#
...#..# .......@oo#..#
...#..# #+#+#+####.#..#
...#..# #........#.#..#
...#..# #........#o#..#
...#..# ........#)#..#
...#..# .........o#.##
...#..# ###......#.#
#..#..# +......o.# ...#..#
#†....##.#


You could see an orc priest (very drained) and 3 orcs.


Message History

Aim: an orc warrior, wielding a +0 dire flail and wearing a +0 plate armour (almost dead, 85% to hit)
The blast of sand misses the orc warrior.
The orc shouts!
You hear a shout!
The orc warrior hits you with a +0 dire flail! 😮 HP[-15] MP[-2]
You take 15 damage, and now have 35/50 hp.
MASSIVE DAMAGE!! (PAUSE)
You lost 2 mp, and now have 3/21 mp.
Casting: Sandblast (safe; 1% risk of failure)
Confirm with . or Enter, or press ? or * to list all spells.
Aiming: Sandblast (safe; 1% risk of failure)
Press: ? - help, Shift-Dir - straight line, f/p - orc warrior
Aim: an orc warrior, wielding a +0 dire flail and wearing a +0 plate armour (almost dead, 85% to hit)
The blast of sand hits the orc warrior.
You kill the orc warrior!
An orc priest comes into view. It is wielding a +0 dagger.
The orc hits you but does no damage.
An orc comes into view. It is wielding a +0 club.
Your Conjurations skill increases to level 12! 😮 HP[+1]
Casting: Sandblast (safe; 1% risk of failure)
Confirm with . or Enter, or press ? or * to list all spells.
Aiming: Sandblast (safe; 1% risk of failure)
Press: ? - help, Shift-Dir - straight line, f - orc
Aim: an orc, wielding a +0 club and wearing a +0 scale mail (87% to hit)
The blast of sand hits the orc!
You kill the orc!
The orc shouts!
You hear a shout! x2 😮 MP[-1]
You lost 1 mp, and now have 2/21 mp.
The orc attacks as you move away!
The orc closely misses you. 😮 HP[+1] 😮 MP[+1]
You closely miss the orc. The orc hits you but does no damage.
You closely miss the orc. The orc closely misses you. 😕 HP[+1]
You hit the orc. The orc hits you with a +0 mace.
You closely miss the orc.
The orc priest casts a cantrip, but nothing happens.
The orc misses you. 😮 HP[-1]
You take 1 damage, and now have 37/50 hp.
You hit the orc. You drain the orc.
You kill the orc!
You hit the orc priest but do no damage.
The orc priest mumbles some strange prayers to Beogh against you.
Beogh smites you! The orc closely misses you. 😮 HP[-7]
You take 7 damage, and now have 30/50 hp.
You are too injured to fight recklessly!
You are too injured to fight recklessly!
Casting: Sandblast (safe; 1% risk of failure)
Confirm with . or Enter, or press ? or * to list all spells.
Aiming: Sandblast (safe; 1% risk of failure)
Press: ? - help, Shift-Dir - straight line, f - orc
Aim: an orc, wielding a +0 hand axe and wearing a +0 chain mail (89% to hit)
The blast of sand hits the orc.
The orc priest hits you but does no damage.
The orc hits you but does no damage.
The orc priest miscasts a cantrip.
The orc hits you but does no damage. 😮 MP[-1]
You lost 1 mp, and now have 2/21 mp.
Casting: Sandblast (safe; 1% risk of failure)
Confirm with . or Enter, or press ? or * to list all spells.
Aiming: Sandblast (safe; 1% risk of failure)
Press: ? - help, Shift-Dir - straight line, f/p - orc
Aim: an orc, wielding a +0 hand axe and wearing a +0 chain mail (heavily wounded, 89% to hit)
The blast of sand hits the orc but does no damage.
The orc priest casts a cantrip, but nothing happens.
The orc hits you but does no damage.
The orc hits you with a +0 dagger. 😮 HP[-1] MP[-1]
You take 1 damage, and now have 29/50 hp.
You lost 1 mp, and now have 1/21 mp.
Unknown command.
Casting: Sandblast (safe; 1% risk of failure)
Confirm with . or Enter, or press ? or * to list all spells.
Aiming: Sandblast (safe; 1% risk of failure)
Press: ? - help, Shift-Dir - straight line, f/p - orc
Aim: an orc, wielding a +0 hand axe and wearing a +0 chain mail (heavily wounded, 89% to hit)
The blast of sand hits the orc but does no damage.
The orc priest hits you with a +0 dagger.
The orc hits you but does no damage. x2; The orc closely misses you.
The orc priest invokes the aid of Beogh against you.
Beogh smites you!
* * * LOW HITPOINT WARNING * * *
The orc hits you but does no damage. 😱 HP[-17] MP[-1]
You take 17 damage, and now have 12/50 hp.
MASSIVE DAMAGE!! (PAUSE)
You lost 1 mp, and now have 0/21 mp.
You closely miss the orc priest.
The orc priest hits you but does no damage.
The orc hits you but does no damage. x2 😨 HP[+1]
You hit the orc priest. You drain the orc priest.
The orc hits you but does no damage. x2
The orc priest calls down the wrath of Beogh upon you.
Beogh smites you!
You die...

Skill      XL: |  1  2  3  4  5  6  7  8  9 10 |
---------------+-------------------------------+-----
Earth Magic    | 4 5 6 7 9 10 | 10.6
Spellcasting   | 3 4 5 6 7 |  7.9
Conjurations   | 1 2 4 5 7 10 12 | 12.0
Dodging        | |  1.5
Stealth        | |  2.1
Transmutations | |  0.7

Action                     |  1- 3 |  4- 6 |  7- 9 | 10-12 || total
---------------------------+-------+-------+-------+-------++-------
  Melee: Dagger            |       |       |     8 |    17 ||    25
   Cast: Sandblast         |    44 |    92 |    96 |    33 ||   265
         Stone Arrow       |       |     3 |    62 |    50 ||   115
    Use: Scroll            |     6 |     5 |     8 |     1 ||    20
 Armour: Robe              |     5 |    23 |    31 |       ||    59
         Leather armour    |       |       |     2 |    20 ||    22
         Acid dragon scale |       |       |       |    18 ||    18
  Dodge: Dodged            |    11 |    22 |    36 |    34 ||   103

Levels and vault maps discovered:
D:1:      doesnt_arrival_eight_statues, layout_basic, minmay_fountain_box
D:2:      layout_basic
D:3:      layout_loops_ring, uniq_jessica
D:4:      layout_rooms, nrook_mini_backslash, nicolae_shop_firing_range
D:5:      layout_loops_corners, nicolae_overflow_crystal_walls,
          minmay_temple_entry_mini_moons, uniq_crazy_yiuf_cottage
D:6:      layout_cave_pods
D:7:      cheibrodos_helix_gallery, layout_basic, jmf_multi_god_temple
D:8:      layout_loops_cross, serial_shops, shop
D:9:      layout_basic, grunt_temple_overflow_magic_moments,
          mainiacjoe_overflow_alcove_1, lemuel_crystal_altar,
          erik_lair_orcish_takeover, special_room [special_room_orc],
          serial_glass, glass_columns_b, glass_columns_b, glass_columns_c,
          glass_columns_a, hangedman_decor_lopped, uniq_erolcha
Temple:   nicolae_temple_two_arcs

Notes
Turn   | Place    | Note
-------+----------+-------------------------------------------
     0 | D:1      | kae the Gargoyle Earth Elementalist began the quest for the
                  | Orb.
     0 | D:1      | Reached XP level 1. HP: 10/10 MP: 3/3
     0 | D:1      | magus.rc [v1.11.3]
    64 | D:1      | You pick up a book of Transfigurations and begin reading...
    64 | D:1      | You add the spells Irradiate, Blade Hands and Dragon Form
                  | to your library.
   318 | D:1      | Reached XP level 2. HP: 15/15 MP: 1/5
   321 | D:1      | Reached skill level 4 in Earth Magic
  1000 | D:2      | Reached XP level 3. HP: 19/19 MP: 2/7
  1004 | D:2      | Learned a level 3 spell: Stone Arrow
  1007 | D:2      | Learned a level 2 spell: Passwall
  1280 | D:2      | Reached skill level 3 in Spellcasting
  1406 | D:2      | Reached XP level 4. HP: 23/24 MP: 5/8
  1819 | D:3      | Reached skill level 5 in Earth Magic
  1942 | D:3      | Reached skill level 1 in Conjurations
  2142 | D:3      | Reached XP level 5. HP: 28/28 MP: 5/9
  2242 | D:3      | Noticed Jessica
  2243 | D:3      | Killed Jessica
  2244 | D:3      | Reached skill level 2 in Conjurations
  2297 | D:3      | Noticed a phantom
  2303 | D:3      | Killed a phantom
  2337 | D:3      | Reached XP level 6. HP: 32/32 MP: 8/11
  2343 | D:3      | Reached skill level 3 in Conjurations
  2453 | D:3      | magus.rc [v1.11.3]
  2453 | D:3      | magus.rc [v1.11.3]
  2903 | D:4      | Learned a level 4 spell: Petrify
  3055 | D:4      | Found Worral's Firing Range.
  3239 | D:4      | Reached skill level 4 in Spellcasting
  3503 | D:5      | Entered Level 5 of the Dungeon
  3543 | D:5      | Reached skill level 4 in Conjurations
  3543 | D:5      | Reached skill level 6 in Earth Magic
  3543 | D:5      | Reached XP level 7. HP: 36/36 MP: 2/13
  3759 | D:5      | Found a hide-covered altar of Uskayaw.
  3864 | D:5      | Reached skill level 5 in Conjurations
  4487 | D:5      | Found a staircase to the Ecumenical Temple.
  4498 | Temple   | Entered the Ecumenical Temple
  4695 | D:5      | Reached XP level 8. HP: 41/41 MP: 4/15
  4839 | D:5      | Found a runed translucent door.
  4840 | D:5      | Noticed Crazy Yiuf
  4985 | D:5      | Killed Crazy Yiuf
  5139 | D:6      | Reached skill level 6 in Conjurations
  5259 | D:6      | Noticed a yak
  5273 | D:6      | Killed a yak
  5274 | D:6      | Reached skill level 5 in Spellcasting
  5274 | D:6      | Reached skill level 7 in Earth Magic
  5417 | D:6      | Noticed a yak
  5420 | D:6      | Noticed a yak
  5422 | D:6      | Killed a yak
  5423 | D:6      | Reached skill level 7 in Conjurations
  5495 | D:6      | Killed a yak
  5856 | D:6      | Reached XP level 9. HP: 45/45 MP: 6/17
  6098 | D:6      | Reached skill level 8 in Conjurations
  6098 | D:6      | Reached skill level 8 in Earth Magic
  6574 | D:7      | Reached skill level 6 in Spellcasting
  6797 | D:7      | Identified the +0 leather armour of Quantum Leap {rPois}
  6803 | D:7      | Reached skill level 9 in Conjurations
  6880 | D:7      | Found a glowing golden altar of the Shining One.
  6901 | D:7      | Found a shimmering altar of Xom.
  6993 | D:7      | Identified the +3 robe "Piuliedy" {Will++ Regen+}
  7045 | D:7      | You pick up a book of Geomancy and begin reading...
  7569 | D:8      | Reached skill level 9 in Earth Magic
  7765 | D:8      | You pick up a book of Blasting and begin reading...
  7765 | D:8      | You add the spells Kindle Blastsparks, Fulminant Prism,
                  | Iskenderun's Mystic Blast and Lee's Rapid Deconstruction to
                  | your library.
  7802 | D:8      | Noticed a hornet
  7808 | D:8      | Killed a hornet
  7952 | D:8      | Reached skill level 10 in Conjurations
  8033 | D:8      | Reached XP level 10. HP: 50/50 MP: 3/20
  8222 | D:8      | Noticed a two-headed ogre
  8225 | D:8      | Killed a two-headed ogre
  8226 | D:8      | Reached skill level 7 in Spellcasting
  8356 | D:8      | Noticed a two-headed ogre
  8359 | D:8      | Killed a two-headed ogre
  8360 | D:8      | Reached skill level 11 in Conjurations
  8522 | D:8      | Reached skill level 10 in Earth Magic
  8633 | D:8      | Found Aqenkokh's Antique Armour Boutique.
  9665 | D:9      | Reached skill level 12 in Conjurations
  9678 | D:9      | HP: 12/50 [orc priest/divine providence (16)]
  9680 | D:9      | Killed from afar by an orc priest

Vanquished Creatures
  2 two-headed ogres (D:8)
  A hornet (D:8)
  5 yaks
  2 steam dragons
  An acid dragon (D:9)
  2 water moccasins
  An ice beast (D:6)
  3 sky beasts
  4 orc warriors
  3 ogres
  A centaur (D:8)
  2 phantoms
  A kobold brigand (D:9)
  4 necrophages
  3 scorpions
  A bullfrog (D:7)
  11 wights
  3 killer bees
  3 howler monkeys
  3 electric eels
  2 hounds (D:5)
  3 jellies
  A gnoll bouda (D:7)
  4 orc priests
  Crazy Yiuf (D:5)
  Jessica (D:3)
  4 iguanas
  6 orc wizards
  3 gnolls (D:3)
  7 adders
  4 white imps
  An ufetubus (D:5)
  A dart slug (D:3)
  21 orcs
  8 endoplasms
  4 giant cockroaches
  10 goblins
  8 hobgoblins
  4 quokkas
  3 training dummies (D:4)
  7 ball pythons
  5 bats
  2 frilled lizards
  16 kobolds
  3 rats (D:3)
185 creatures vanquished.

Table legend:
 A = Non-vault XP
 B = Vault XP
 C = Vault XP percentage of total XP
 D = Non-vault monster count
 E = Vault monster count
 F = Vault count percentage of total count
                 A         B        C        D         E       F
            +---------+---------+-------+---------+---------+-------
      Total |    8279 |     574 |   6.5 |     167 |      18 |   9.7
            +---------+---------+-------+---------+---------+-------
        D:1 |      25 |       0 |   0.0 |      14 |       0 |   0.0
        D:2 |      76 |       0 |   0.0 |      24 |       0 |   0.0
        D:3 |     202 |      37 |  15.5 |      27 |       1 |   3.6
        D:4 |     188 |       6 |   3.1 |      11 |       3 |  21.4
        D:5 |     681 |      37 |   5.2 |      12 |       1 |   7.7
        D:6 |    1267 |       0 |   0.0 |      19 |       0 |   0.0
        D:7 |    1116 |     204 |  15.5 |      15 |       4 |  21.1
        D:8 |    3366 |       0 |   0.0 |      26 |       0 |   0.0
        D:9 |    1358 |     290 |  17.6 |      19 |       9 |  32.1
            +---------+---------+-------+---------+---------+-------

Illustrated notes

Table legend:
 A = Kills in this place as a percentage of kills in entire the game.
 B = Kills by you in this place as a percentage of kills by you in the entire game.
 C = Kills by friends in this place as a percentage of kills by friends in the entire game.
 D = Other kills in this place as a percentage of other kills in the entire game.
 E = Experience gained in this place as a percentage of experience gained in the entire game.
 F = Experience gained in this place divided by the number of levels of this place that you have seen.
                   A       B       C       D       E      F
               +-------+-------+-------+-------+-------+----------------------
         Total | 100.0 | 100.0 |   N/A |   N/A | 100.0 | 885.3
       Dungeon | 100.0 | 100.0 |   N/A |   N/A | 100.0 | 983.7
               +-------+-------+-------+-------+-------+----------------------

Table legend: (Time is in decaauts)
 A = Elapsed time spent in this place.
 B = Non-inter-level travel time spent in this place.
 C = Inter-level travel time spent in this place.
 D = Time resting spent in this place.
 E = Time spent auto-exploring this place.
 F = Levels seen in this place.
 G = Mean time per level.
                   A        B        C        D        E       F      G
               +--------+--------+--------+--------+--------+-----+--------+
         Total |   9814 |   9502 |    312 |    299 |   7955 |  10 |  981.4 |
       Dungeon |   9697 |   9392 |    305 |    299 |   7852 |   9 | 1077.4 |
        Temple |    116 |    109 |      7 |      0 |    103 |   1 |  116.0 |
               +--------+--------+--------+--------+--------+-----+--------+

Top non-repeatable levels by time:
     D:5: 1565 daAuts
     D:8: 1561 daAuts
     D:7: 1217 daAuts
     D:6: 1194 daAuts
     D:3: 1033 daAuts
     D:1: 991 daAuts
     D:2: 915 daAuts
     D:4: 629 daAuts
     D:9: 588 daAuts
  Temple: 116 daAuts
